 Dungeon Crawl Stone Soup version 0.29-a0-320-g9f8742066b (webtiles) character file.

Game seed: 7505632824209136353

59 sammy202020 the Skirmisher (level 3, -3/42 (43) HPs)
             Began as a Demonspawn Berserker on Apr 2, 2022.
             Was a Believer of Trog.
             Slain by Jessica
             ... wielding a +2 dagger of speed
              (7 damage)
             ... on level 2 of the Dungeon.
             The game lasted 00:03:06 (2752 turns).

sammy202020 the Skirmisher (Demonspawn Berserker)   Turns: 2752, Time: 00:03:07

HP:   -3/42 (43)    AC:  6    Str: 17    XL:     3   Next: 78%
MP:   3/3           EV: 12    Int: 10    God:    Trog [**....]
Gold: 47            SH:  0    Dex: 18    Spells: 2/2 levels left

rFire   . . .      SeeInvis .   a - +0 hand axe
rCold   . . .      Faith    .   (no shield)
rNeg    . . .      Spirit   .   b - +0 ring mail
rPois   .          Reflect  .   j - +0 helmet
rElec   .          Harm     .   (no cloak)
rCorr   .          Rampage  .   (no gloves)
Will    .....                   (no boots)
Stlth   ..........              (no amulet)
HPRegen 0.14/turn               d - +6 ring of dexterity
MPRegen 0.08/turn               (no ring)

@: berserking, slowed, lightly drained
A: sturdy frame 1
a: Renounce Religion, Berserk, Trog's Hand


You were on level 2 of the Dungeon.
You worshipped Trog.
Trog was pleased with you.
You visited 1 branch of the dungeon, and saw 2 of its levels.

You collected 47 gold pieces.

Inventory:

Hand Weapons
 a - a +0 hand axe (weapon)
Missiles
 i - 7 poisoned darts (quivered)
Armour
 b - a +0 ring mail (worn)
 j - a +0 helmet (worn)
Jewellery
 d - a +6 ring of dexterity (left hand)
Scrolls
 f - a scroll of teleportation {unknown}
 g - a scroll of noise {unknown}
 h - a scroll of identify {unknown}
Potions
 c - a potion of curing {unknown}
 e - a potion of cancellation {unknown}


   Skills:
 * Level 3.5 Fighting
 * Level 3.3 Axes
 * Level 2.5 Armour
 + Level 2.0 Dodging


You had 2 spell levels left.
You didn't know any spells.
Your spell library was empty.

Dungeon Overview and Level Annotations

Branches:
Dungeon (2/15)

Altars:

Annotations:
D:2 Jessica


Innate Abilities, Weirdness & Mutations

Your movements are slightly less encumbered by armour. (ER -2)


Message History

Found 6 atropa-tipped darts.
There are monsters nearby!
A goblin and a giant cockroach come into view.
Jessica shouts!
Jessica gestures wildly while chanting.
Jessica seems to speed up.
The giant cockroach barely misses you.
You hit the giant cockroach.
You kill the giant cockroach!
Trog accepts your kill. The goblin barely misses you.
You barely miss Jessica. You hit the goblin but do no damage.
Jessica hits you but does no damage. The goblin barely misses you.
Jessica gestures at you while chanting.
You feel yourself slow down.
You hit Jessica but do no damage. You closely miss the goblin.
Jessica hits you with a +2 dagger of speed.
Jessica barely misses you. The goblin misses you.
Jessica hits you but does no damage. The goblin hits you with a +0 club.
Jessica misses you.
You hit Jessica but do no damage. You hit the worm.
You closely miss the goblin.
Jessica hits you with a +2 dagger of speed.
Jessica barely misses you. The goblin barely misses you. The worm bites you.
Jessica hits you with a +2 dagger of speed.
You closely miss Jessica. You barely miss the goblin.
You completely miss the worm. Jessica barely misses you.
Jessica hits you with a +2 dagger of speed.
The goblin closely misses you.
Jessica hits you with a +2 dagger of speed.
The goblin barely misses you. The worm closely misses you.
Jessica hits you but does no damage.
A red film seems to cover your vision as you go berserk!
You feel yourself moving faster!
You feel mighty! Jessica misses you. Jessica closely misses you.
The goblin barely misses you. Jessica barely misses you. The worm bites you!
* * * LOW HITPOINT WARNING * * *
The goblin hits you with a +0 club.
* * * LOW HITPOINT WARNING * * *
Jessica hits you with a +2 dagger of speed!
You die...

# ##.# #.# ...# ..
#.###.... # #
#####........ # #.
#............ # ##
...#........(... ##.##
#...............
....#####..#....@w......
......(.......†.@g......
..............##.####...
.....##.....####.####.###
.........................
..............##.####.##.
............# #.#
..........#.####.####
##.....#.##.##......#
##.....#.##.##.#.##.#


You could see a worm, Jessica (fast) and a goblin.

Vanquished Creatures
  2 worms (D:2)
  A dart slug (D:1)
  7 bats
  3 endoplasms
  2 giant cockroaches
  2 goblins
  3 hobgoblins
  9 jackals
  2 quokkas
  5 ball pythons
  2 frilled lizards
  5 kobolds
  5 rats
48 creatures vanquished.

Notes
Turn   | Place    | Note
-------+----------+-------------------------------------------
     0 | D:1      | sammy202020 the Demonspawn Berserker began the quest for
                  | the Orb.
     0 | D:1      | Reached XP level 1. HP: 18/18 MP: 1/1
   131 | D:1      | Gained mutation: Your movements are slightly less
                  | encumbered by armour. (ER -2) [demonic ancestry]
   131 | D:1      | Reached XP level 2. HP: 15/24 MP: 2/2
   688 | D:1      | Found a faded altar of an unknown god.
   772 | D:1      | Reached ** piety under Trog
  1248 | D:2      | Reached XP level 3. HP: 22/29 MP: 3/3
  2743 | D:2      | Noticed Jessica
  2752 | D:2      | Slain by Jessica

Illustrated notes

Levels and vault maps discovered:
D:1:      mrwooster_arrival_statue_3, layout_basic, basic_ecumenical_altar
D:2:      layout_basic, uniq_jessica

Skill      XL: |  1  2 |
---------------+-------+-----
Armour         | 2 |  2.5
Axes           | 3 |  3.3
Dodging        | 2 |  2.0
Fighting       | |  3.5

Action                   || total
-------------------------++-------
Melee: Hand axe          ||   133
       Punch             ||     2
Invok: Berserk           ||     4
Armor: Animal skin       ||     5
       Ring mail         ||    37
       Leather armour    ||     2
Dodge: Dodged            ||   112

Table legend: (Time is in decaauts)
 A = Elapsed time spent in this place.
 B = Non-inter-level travel time spent in this place.
 C = Inter-level travel time spent in this place.
 D = Time resting spent in this place.
 E = Time spent auto-exploring this place.
 F = Levels seen in this place.
 G = Mean time per level.
                   A        B        C        D        E       F      G
               +--------+--------+--------+--------+--------+-----+--------+
         Total |   2805 |   2770 |     35 |    813 |   1578 |   2 | 1402.5 |
       Dungeon |   2805 |   2770 |     35 |    813 |   1578 |   2 | 1402.5 |
               +--------+--------+--------+--------+--------+-----+--------+

Top non-repeatable levels by time:
     D:2: 1562 daAuts
     D:1: 1242 daAuts
